 Dungeon Crawl Stone Soup version 0.31-a0-986-g5e6e4ef867 (webtiles) character file.

Game seed: 6075218395853059616

122830 Getoffmy the Warrior (level 16, -5/104 HPs)
             Began as a Gargoyle Fighter on Nov 12, 2023.
             Was the Champion of Hepliaklqana.
             Slain by a merfolk
             ... wielding a +0 trident
             ... led by Ilsuiw
              (18 damage)
             ... on level 3 of the Shoals on Nov 13, 2023.
             The game lasted 00:56:08 (25626 turns).

Getoffmy the Warrior (Gargoyle Fighter)            Turns: 25626, Time: 00:56:09

Health: -5/104     AC: 34    Str: 33    XL:     16   Next: 88%
Magic:  24/24      EV:  8    Int: 10    God:    Hepliaklqana [******]
Gold:   1154       SH: 11    Dex:  9    Spells: 15/15 levels left

rFire   . . .        d - +9 flail (spect)
rCold   . . .        z - +0 kite shield
rNeg    + + .        y - +1 plate armour
rPois   ∞            n - +0 helmet
rElec   +            (no cloak)
rCorr   .            g - +0 pair of gloves
SInv    .            W - +1 pair of boots {Stlth+}
Will    ++++.        L - amulet of the Four Winds {rN+ Will+++ Clar} Stlth
                     I - +4 ring of slaying
HPRegen 0.37/turn    p - +6 ring of strength
MPRegen 0.19/turn

%: clarity
@: about to teleport, flying
A: reduced essence, sickness immunity, AC +12, big wings, negative energy
resistance 1, electricity resistance, torment resistance 1, petrification
resistance
a: Renounce Religion, Recall Ancestor, Ancestor Identity, Transference, Idealise


You were on level 3 of the Shoals.
You worshipped Hepliaklqana.
Hepliaklqana was exalted by your worship.
You visited 5 branches of the dungeon, and saw 26 of its levels.

You collected 2570 gold pieces.
You spent 1416 gold pieces at shops.

Inventory:

Hand Weapons
 d - a +9 spectral flail (weapon)
 Z - a +0 morningstar
Missiles
 f - 4 javelins
 u - 21 poisoned darts
 A - 5 curare-tipped darts
 K - 5 throwing nets
Armour
 g - a +0 pair of gloves (worn)
 n - a +0 helmet (worn)
 y - a +1 plate armour (worn)
 z - a +0 kite shield (worn)
 W - a +1 pair of boots of stealth (worn)
 X - +0 fire dragon scales
Jewellery
 c - the amulet of Vitality {RegenMP++ Regen++}
   (You acquired it on level 4 of the Lair of Beasts)

   [amulet of magic regeneration]

   RegenMP:   It increases your rate of magic regeneration.
   Regen++:   It increases your rate of health regeneration.
 m - a ring of resist corrosion
 p - a +6 ring of strength (right hand)
 w - the ring of Sloth {rPois rC+ EV+5}
   (You found it on level 3 of the Shoals)

   [ring of evasion]

   EV+5:      It affects your evasion (+5).
   rC+:       It protects you from cold.
   rPois:     It protects you from poison
 I - a +4 ring of slaying (left hand)
 L - the amulet of the Four Winds (around neck) {rN+ Will+++ Clar}
   (You bought it in a shop on level 2 of the Orcish Mines)

   [amulet of nothing]

   rN+:       It protects you from negative energy.
   Will+++:   It greatly increases your willpower.
   Clar:      It protects you from confusion, rage, mesmerisation and fear.
 O - a ring of positive energy
 R - a ring of magical power
Talismans
 J - the serpent talisman of Rotini {rC++ Int-4 Dex+6}
   (You took it off Aizul on level 2 of the Shoals)

   [serpent talisman]

   Int-4:     It affects your intelligence (-4).
   Dex+6:     It affects your dexterity (+6).
   rC++:      It greatly protects you from cold.
Wands
 b - a wand of mindburst (45)
 h - a wand of flame (75)
 s - a wand of acid (15)
 x - a wand of polymorph (25)
 D - a wand of charming (17)
 Q - a wand of iceblast (20)
Scrolls
 e - 4 scrolls of teleportation
 j - 4 scrolls of immolation
 o - a scroll of silence
 q - a scroll of blinking
 t - 2 scrolls of vulnerability
 v - 2 scrolls of poison
 B - 2 scrolls of enchant armour
 F - 4 scrolls of fog
 G - 7 scrolls of noise
 H - 10 scrolls of identify
Potions
 a - 3 potions of brilliance
 i - 3 potions of enlightenment
 k - 5 potions of cancellation
 l - 2 potions of resistance
 r - 12 potions of curing
 C - 2 potions of lignification
 M - 3 potions of mutation
 P - 4 potions of attraction
Miscellaneous
 U - a lightning rod (4/4)


   Skills:
 + Level 19.0 Fighting
 - Level 14.0 Maces & Flails
 - Level 12.0 Armour
 - Level 12.0 Shields
 - Level 11.0 Invocations
 + Level 9.8 Evocations


You had 15 spell levels left.
You didn't know any spells.
Your spell library contained the following spells:

 Spells                   Type           Power      Damage    Failure   Level
 Freeze                   Ice            0%         1d3       97%         1
 Kiss of Death            Conj/Necr      0%         2d5       97%         1
 Necrotise                Necr           0%         1d4       97%         1
 Sandblast                Erth           0%         2d4       97%         1
 Slow                     Hex            0%         N/A       97%         1
 Summon Small Mammal      Summ           0%         N/A       97%         1
 Blink                    Tloc           0%         N/A       99%         2
 Call Imp                 Summ           0%         N/A       99%         2
 Lesser Beckoning         Tloc           0%         N/A       99%         2
 Momentum Strike          Conj/Tloc      0%         3d8       99%         2
 Passwall                 Tmut/Erth      0%         N/A       99%         2
 Poisonous Vapours        Pois/Air       0%         N/A       99%         2
 Scorch                   Fire           0%         2d5       99%         2
 Wereblood                Tmut           0%         N/A       99%         2
 Call Canine Familiar     Summ           0%         N/A       100%        3
 Confusing Touch          Hex            0%         N/A       100%        3
 Frozen Ramparts          Ice            0%         1d1       100%        3
 Hailstorm                Conj/Ice       0%         3d3       100%        3
 Ignite Poison            Fire/Tmut/Pois 0%         N/A       100%        3
 Sigil of Binding         Hex            0%         N/A       100%        3
 Stone Arrow              Conj/Erth      0%         3d7       100%        3
 Summon Guardian Golem    Hex/Summ       0%         N/A       100%        3
 Tukima's Dance           Hex            0%         N/A       100%        3
 Vampiric Draining        Necr           0%         2d6       100%        3
 Animate Armour           Summ/Erth      0%         N/A       100%        4
 Brom's Barrelling Bould  Conj/Erth      0%         2d3       100%        4
 Dispel Undead            Necr           0%         3d6       100%        4
 Flame Wave               Conj/Fire      0%         2d4       100%        4
 Passage of Golubria      Tloc           0%         N/A       100%        4
 Sticky Flame             Conj/Fire      0%         2d3       100%        4
 Summon Ice Beast         Ice/Summ       0%         N/A       100%        4
 Summon Lightning Spire   Summ/Air       0%         N/A       100%        4
 Agony                    Necr           0%         N/A       100%        5
 Freezing Cloud           Conj/Ice/Air   0%         6-21      100%        5
 Lee's Rapid Deconstruct  Erth           0%         3d4*      100%        5
 Summon Mana Viper        Hex/Summ       0%         N/A       100%        5
 Yara's Violent Unravell  Hex/Tmut       0%         3d3       100%        5
 Simulacrum               Ice/Necr       0%         N/A       100%        6
 Summon Cactus Giant      Summ           0%         N/A       100%        6
 Malign Gateway           Summ/Tloc      0%         N/A       100%        7
 Monstrous Menagerie      Summ           0%         N/A       100%        7
 Summon Hydra             Summ           0%         N/A       100%        7
 Ignition                 Fire           0%         3d3       100%        8
 Summon Horrible Things   Summ           0%         N/A       100%        8
 Cigotuvi's Dreadful Rot  Necr/Pois/Air  Unusable   N/A       N/A         2
 Sublimation of Blood     Necr           Unusable   N/A       N/A         2

Dungeon Overview and Level Annotations

Branches:
Dungeon (15/15)            Temple (1/1) D:5            Lair (5/5) D:10
 Shoals (3/4) Lair:2       Spider (0/4) Lair:3        Slime (0/5) Lair:5
    Orc (2/2) D:10            Elf (0/3) Orc:2        Vaults (0/5) D:13
 Depths (0/4) D:15

Altars:
Ashenzari
Cheibriados
Dithmenos
Elyvilon
Fedhas
Gozag
Hepliaklqana
Kikubaaqudgha
Makhleb
Nemelex Xobeh
Okawaru
Qazlal
Ru
Sif Muna
Trog
Uskayaw
Vehumet
Wu Jian
Xom
Yredelemnul
Zin
The Shining One
Jiyva

Shops:
D:6 ?   D:13 :   Orc:2 [!:*

Portals:
Pandemonium: Orc:2

Annotations:
D:6 Jeremiah
Lair:2 2 runed translucent doors, Luteabua's ghost, journeyman FeSh
Lair:3 2 transporters, hito's ghost, journeyman FoHu
Shoals:2 2 runed translucent doors, Taczaky's ghost, journeyman MiFi
Shoals:3 Ilsuiw


Innate Abilities, Weirdness & Mutations

Your life essence is reduced to manifest your ancestor. (-10% HP)
You are immune to sickness and miasma.
Your stone body is resilient. (AC +12)
You are immune to poison.
Your large and strong wings let you fly.
You resist negative energy. (rN+)
You are resistant to electric shocks. (rElec)
You are resistant to unholy torment.
You are immune to petrification.


Message History

Dillip hits the kraken with a +0 quarterstaff!
The tentacle closely misses Dillip.
Something barely misses Dillip.
You see here a +0 trident of chaos.
A merfolk impaler comes into view. It is wielding a +0 vampiric trident.
The merfolk impaler shouts!
Ilsuiw and a merfolk siren come into view.
Ilsuiw is wielding a +2 trident of freezing and wearing a +2 robe of willpower.
Ilsuiw shouts!
The merfolk siren shouts!
You hear a shout!
Ilsuiw mumbles some strange words.
A merfolk comes into view. It is wielding a +0 trident.
The merfolk shouts!
You hear a shout!
The water elemental disappears in a puff of smoke!
Ilsuiw gestures wildly while chanting.
Ilsuiw blinks!
You block the merfolk impaler's attack.
The merfolk impaler attacks as it pursues you!
You block the merfolk impaler's attack.
Ilsuiw mumbles some strange words.
Ilsuiw blinks!
The merfolk impaler hits you but does no damage.
The merfolk siren chants a haunting song.
You are unaffected.
The merfolk impaler attacks as it pursues you!
The merfolk impaler hits you but does no damage.
Ilsuiw points at you and mumbles some strange words.
The shard of ice hits Dillip!!
Dillip partially resists.
The merfolk impaler closely misses you.
You hear a shout!
As you read the scroll of teleportation, it crumbles to dust.
You feel strangely unstable. You block the merfolk impaler's attack.
A merfolk comes into view. It is wielding a +0 trident.
You block the water elemental's attack. You block the merfolk impaler's attack.
Dillip points at Ilsuiw and mumbles some strange words.
The bolt of magma hits Ilsuiw!
The merfolk impaler hits you but does no damage.
Ilsuiw is engulfed in a cloud of scalding steam.
You block the water elemental's attack.
The merfolk hits you from afar with a +0 trident!!
You die...

≈≈≈≈≈≈≈~~~...........~≈≈≈≈≈≈≈≈≈#
≈≈≈≈≈≈≈≈~~~..........~≈≈≈≈≈≈≈≈≈#
≈≈≈≈≈≈≈≈≈≈~~~..(.....~~≈≈≈≈≈≈≈≈#
≈≈≈≈≈≈≈≈≈≈≈≈~~........~≈≈≈≈≈≈≈≈#
~~≈≈≈≈≈≈≈≈≈≈≈~~.......~≈≈≈≈≈≈≈≈#
.~~≈≈≈≈≈≈≈≈≈≈≈~~......~~≈≈≈≈≈≈≈#
..~~~≈≈≈≈≈≈≈≈≈~~.......~≈≈≈≈≈≈≈#
≈~~~~≈≈≈≈≈≈≈≈≈~~.......~≈≈≈≈≈≈≈#
≈~~~~≈≈≈≈≈≈≈≈≈~~@......~≈≈≈≈≈≈≈#
~~~≈≈≈≈≈≈≈≈≈E≈mE........~≈≈≈≈≈≈#
.~~≈ ≈≈≈≈≈≈≈≈≈mm........~≈≈≈≈≈≈#
.~~ ≈≈≈≈≈≈≈≈≈~~R.......~≈≈≈≈≈≈#
~~~~≈≈≈≈~~m.≈≈≈≈≈≈≈≈≈≈≈≈≈≈#
..E.~~~~~.§≈≈≈≈≈≈≈≈≈≈≈≈≈≈≈#
.....m~..§≈≈≈≈≈≈≈≈≈≈≈≈≈≈≈≈#
........≈§≈≈≈≈≈≈##≈#≈≈≈≈≈≈#
........≈≈≈≈≈≈≈######~~≈≈≈#


You could see the friendly Dillip the battlemage, Ilsuiw (ally target), a
merfolk impaler, 2 merfolk, 2 water elementals and a merfolk siren.

Vanquished Creatures
  Rupert (D:15)
  A tentacled monstrosity (Shoals:3)
  Kirke (D:12)
  A merfolk javelineer (Shoals:2)
  5 merfolk impalers
  A great orb of eyes (Shoals:3)
  An ogre mage (D:13)
  A rakshasa (D:15)
  4 hydras
  A demonspawn (Orc:2)
  A death knight (D:15)
  A catoblepas (Lair:5)
  3 two-headed ogres
  A merfolk avatar (Shoals:2)
  A centaur warrior (D:14)
  4 tengu warriors
  A merfolk aquamancer (Shoals:2)
  3 boulder beetles
  A satyr (Shoals:3)
  2 orc high priests (Orc:2)
  A fire crab (shapeshifter) (D:14)
  3 skysharks
  A skeletal warrior (D:12)
  2 sea snakes
  A lindwurm (Lair:5)
  An obsidian statue (Shoals:1)
  A deep elf zephyrmancer (D:15)
  5 orc knights (Orc:2)
  A harpy (Shoals:3)
  A wolf spider (shapeshifter) (D:12)
  A necromancer (D:15)
  7 orc sorcerers
  2 deep elf pyromancers (D:15)
  6 fauns
  6 ugly things (D:14)
  6 cyclopes
  5 manticores
  A centaur zombie (D:15)
  2 merfolk sirens
  8 elephants (Lair:5)
  6 black mambas
  2 molten gargoyles (Lair:5)
  A gargoyle (D:14)
  Psyche (D:8)
  9 cane toads
  An unseen horror (D:12)
  A kobold demonologist (D:13)
  An efreet (D:15)
  6 rime drakes
  3 tengu conjurers
  2 ice devils (Orc:2)
  3 freezing wraiths (D:15)
  9 komodo dragons
  9 trolls
  3 merfolk
  3 polar bears
  2 wolf spider simulacra (D:15)
  2 hornets
  6 snapping turtles
  2 wind drakes
  A dream sheep (Shoals:1)
  20 blink frogs
  4 slime creatures (D:14)
  A centaur simulacrum (D:15)
  A culicivora (Lair:3)
  A vampire (D:13)
  A shadow (D:13)
  A human (shapeshifter) (D:14)
  5 wraiths
  7 wyverns
  A hog (D:12)
  Eustachio (D:6)
  3 water elementals (Shoals:2)
  30 yaks
  2 steam dragons
  3 vampire mosquitoes
  9 basilisks
  9 water moccasins
  2 hell hounds (Lair:5)
  18 orc warriors
  3 sky beasts (D:6)
  4 black bears
  An ice beast (D:5)
  3 ogres
  4 wolves (Lair:3)
  8 centaurs
  2 phantoms (D:7)
  6 bullfrogs
  A gnoll sergeant (D:10)
  2 kobold brigands
  3 scorpions
  8 wights
  6 killer bees (D:10)
  4 howler monkeys
  3 hounds
  3 lava snakes (Lair:5)
  Crazy Yiuf (D:5)
  A gnoll bouda (D:6)
  12 orc priests
  3 iguanas
  7 hell rats
  7 orc wizards
  3 sleepcaps
  14 gnolls
  6 adders
  7 river rats (Lair:1)
  A shadow imp (D:7)
  2 ufetubi (D:7)
  2 worms
  2 dart slugs
  22 orcs
  7 bats
  8 endoplasms
  5 giant cockroaches
  6 goblins
  A hobgoblin (D:1)
  14 kobolds
  2 quokkas
  4 ball pythons
  6 frilled lizards
  8 rats
500 creatures vanquished.

Vanquished Creatures (collateral kills)
  Aizul (Shoals:2)
  Josephine (D:12)
  2 merfolk impalers (Shoals:3)
  2 fire dragons
  A rakshasa (D:15)
  A great orb of eyes (Shoals:3)
  Harold (Orc:1)
  2 catoblepae
  The ghost of Xavori the Nimble, a journeyman DjCK of Xom (D:10)
  2 centaur warriors
  2 merfolk avatars
  A demonspawn (Orc:2)
  A boulder beetle (D:14)
  2 two-headed ogres
  An alligator snapping turtle (Shoals:2)
  An orc high priest (Orc:2)
  Sonja (D:12)
  A soul eater (Orc:2)
  Nergalle (Orc:1)
  A skyshark (Shoals:1)
  A sea snake (Shoals:1)
  2 harpies (Shoals:3)
  4 deep elf pyromancers
  A phantasmal warrior (D:15)
  A lindwurm (Lair:5)
  3 orc sorcerers (Orc:2)
  3 cyclopes
  2 fauns
  3 elephants (Lair:5)
  A water nymph (Shoals:2)
  2 black mambas
  4 cane toads
  An unseen horror (D:12)
  2 centaur skeletons (D:15)
  A kobold demonologist (D:10)
  A rime drake (Lair:1)
  A tengu conjurer (D:13)
  2 trolls
  2 merfolk
  3 blink frogs
  A dream sheep (Shoals:1)
  A culicivora (Lair:3)
  A slime creature (D:14)
  15 yaks
  A wraith (D:12)
  5 wyverns
  2 hogs (D:12)
  3 basilisks
  A vampire mosquito (D:12)
  A warg (Orc:2)
  6 water moccasins
  A hell hound (Lair:5)
  4 orc warriors
  2 ogres
  A centaur (Lair:2)
  2 wolves (Lair:3)
  2 bullfrogs
  4 killer bees (D:10)
  An electric eel (Lair:4)
  2 lava snakes (Lair:5)
  7 orc priests
  A gnoll bouda (D:8)
  An iguana (D:7)
  7 orc wizards
  3 hell rats
  3 gnolls
  A river rat (Lair:1)
  A white imp (D:6)
  22 orcs
  A hobgoblin (D:14)
  3 kobolds
  3 rats (Lair:1)
175 creatures vanquished.

Vanquished Creatures (others)
  A water elemental (Shoals:2)
  13 battlemagi
  2 ancestors (D:6)
  A spectral weapon (D:14)
  5 tentacles (Shoals:3)
22 creatures vanquished.

Grand Total: 697 creatures vanquished

Notes
Turn   | Place    | Note
-------+----------+-------------------------------------------
     0 | D:1      | Getoffmy the Gargoyle Fighter began the quest for the Orb.
     0 | D:1      | Reached XP level 1. HP: 14/14 MP: 1/1
   120 | D:1      | Reached XP level 2. HP: 19/19 MP: 2/2
   413 | D:1      | Reached XP level 3. HP: 18/23 MP: 3/3
  1582 | D:3      | Reached XP level 4. HP: 29/29 MP: 4/4
  1800 | D:3      | Reached skill level 4 in Fighting
  1800 | D:3      | Reached XP level 5. HP: 32/33 MP: 5/5
  2326 | D:4      | Reached XP level 6. HP: 38/39 MP: 6/6
  2649 | D:4      | Noticed a black bear
  3214 | D:4      | Killed a black bear
  3463 | D:5      | Entered Level 5 of the Dungeon
  3599 | D:5      | Noticed an ice beast
  3609 | D:5      | Killed an ice beast
  3610 | D:5      | Reached skill level 5 in Maces & Flails
  3610 | D:5      | Reached XP level 7. HP: 44/44 MP: 7/7
  3673 | D:5      | Found a staircase to the Ecumenical Temple.
  3677 | D:5      | Reached skill level 5 in Armour
  3677 | D:5      | Reached skill level 5 in Shields
  3685 | Temple   | Entered the Ecumenical Temple
  3701 | Temple   | Became a worshipper of Hepliaklqana the Forgotten
  3782 | D:5      | Reached skill level 5 in Fighting
  3855 | D:5      | Found a runed translucent door.
  3856 | D:5      | Noticed Crazy Yiuf
  3861 | D:5      | Killed Crazy Yiuf
  4541 | D:6      | Found Wudarph's Magic Scroll Shoppe.
  4544 | D:6      | Bought a scroll of identify for 28 gold pieces
  4544 | D:6      | Bought a scroll of fear for 56 gold pieces
  4544 | D:6      | Bought a scroll of identify for 28 gold pieces
  4560 | D:6      | Reached XP level 8. HP: 47/50 MP: 8/8
  4662 | D:6      | Identified the amulet of Puliw {Regen+ rCorr}
  4719 | D:6      | Reached * piety under Hepliaklqana
  4846 | D:6      | Noticed Jeremiah
  5129 | D:6      | Noticed Eustachio
  5156 | D:6      | Killed Eustachio
  5157 | D:6      | Reached skill level 6 in Fighting
  5541 | D:7      | Identified the "Tudem"
  5673 | D:7      | Found a blossoming altar of Fedhas.
  6068 | D:7      | Reached XP level 9. HP: 50/50 MP: 9/9
  6994 | D:7      | Noticed a hornet
  7007 | D:7      | Killed a hornet
  7298 | D:7      | Reached ** piety under Hepliaklqana
  7307 | D:7      | Remembered your ancestor Dillip as a battlemage
  7705 | D:8      | Reached skill level 7 in Fighting
  7841 | D:8      | Noticed Psyche
  7845 | D:8      | Killed Psyche
  7914 | D:8      | Reached XP level 10. HP: 56/56 MP: 10/10
  8119 | D:8      | Reached skill level 8 in Fighting
  8338 | D:8      | Found a shimmering altar of Xom.
  8338 | D:8      | Found a shimmering blue altar of Sif Muna.
  8346 | D:8      | Found a stormy altar of Qazlal.
  8348 | D:8      | Found an ancient bone altar of Kikubaaqudgha.
  8350 | D:8      | Found a sacrificial altar of Ru.
  8412 | D:9      | Found a white marble altar of Elyvilon.
  8473 | D:9      | Reached skill level 10 in Maces & Flails
  8541 | D:9      | You fall into a shaft and drop 1 floor!
  8541 | D:10     | Identified the of Tued
  8541 | D:10     | Entered Level 10 of the Dungeon
  8625 | D:10     | Found a staircase to the Lair.
  8846 | D:10     | Noticed a kobold demonologist
  8852 | D:10     | Killed a kobold demonologist
  9018 | D:10     | Noticed a two-headed ogre
  9023 | D:10     | Killed a two-headed ogre
  9024 | D:10     | Reached XP level 11. HP: 50/62 MP: 11/11
  9044 | D:10     | Found a bloodstained altar of Trog.
  9152 | D:10     | Reached skill level 9 in Fighting
  9241 | D:10     | Found a staircase to the Orcish Mines.
  9253 | D:10     | Found a runed translucent door.
  9253 | D:10     | Noticed a manticore
  9253 | D:10     | Noticed Xavori's ghost (journeyman DjCK)
  9608 | Lair:1   | Entered Level 1 of the Lair of Beasts
  9805 | Lair:1   | Reached *** piety under Hepliaklqana
 10726 | Lair:2   | Reached skill level 10 in Armour
 10726 | Lair:2   | Reached XP level 12. HP: 49/69 MP: 12/12
 10741 | Lair:2   | Reached skill level 10 in Fighting
 10741 | Lair:2   | Reached skill level 10 in Shields
 10925 | Lair:2   | Reached **** piety under Hepliaklqana
 10930 | Lair:2   | Found a large runed translucent door.
 10952 | Lair:2   | Noticed a catoblepas
 10963 | Lair:2   | Killed a catoblepas
 11021 | Lair:2   | Found a staircase to the Shoals.
 11199 | Lair:2   | Found a large runed translucent door.
 11202 | Lair:2   | Noticed Luteabua's ghost (journeyman FeSh)
 11761 | Lair:3   | Noticed an eight-headed hydra
 11764 | Lair:3   | Killed an eight-headed hydra
 11784 | Lair:3   | Noticed a six-headed hydra
 11790 | Lair:3   | Killed a six-headed hydra
 11958 | Lair:3   | Found a hole to the Spider Nest.
 11985 | Lair:3   | Noticed hito's ghost (journeyman FoHu)
 11986 | Lair:3   | Found a transporter.
 12125 | Lair:3   | Found a transporter.
 12305 | Lair:3   | Reached skill level 11 in Fighting
 12333 | Lair:3   | Reached XP level 13. HP: 39/75 MP: 13/13
 12852 | Lair:4   | Identified a scroll of acquirement
 12852 | Lair:4   | Acquired the amulet of Vitality {RegenMP++ Regen++}
 12852 | Lair:4   | Found the amulet of Vitality {RegenMP++ Regen++}
 13130 | Lair:4   | Reached ***** piety under Hepliaklqana
 13494 | Lair:5   | Entered Level 5 of the Lair of Beasts
 13587 | Lair:5   | Reached skill level 1 in Invocations
 13600 | Lair:5   | Reached skill level 12 in Fighting
 14107 | Lair:5   | Reached skill level 5 in Invocations
 14119 | Lair:5   | Reached skill level 13 in Fighting
 14151 | Lair:5   | Gained mutation: Your large and strong wings let you fly.
                  | [Gargoyle growth]
 14151 | Lair:5   | Reached XP level 14. HP: 84/84 MP: 18/18
 14383 | Lair:5   | Found a staircase to the Slime Pits.
 14383 | Lair:5   | Found a viscous altar of Jiyva.
 14584 | Lair:5   | Found a large runed translucent door.
 14585 | Lair:5   | Found a large runed translucent door.
 15001 | Lair:5   | Identified the staff "Voipsieh" {*Slow rC+++ rCorr Stlth-
                  | Earth}
 15206 | D:10     | Killed Xavori's ghost
 15207 | D:10     | Reached skill level 14 in Fighting
 15225 | Orc:1    | Entered Level 1 of the Orcish Mines
 15407 | Orc:2    | Entered Level 2 of the Orcish Mines
 15407 | Orc:2    | Found a staircase to the Elven Halls.
 15500 | Orc:1    | Noticed Nergalle
 15505 | Orc:1    | Killed Nergalle
 15580 | Orc:1    | Noticed Harold
 15589 | Orc:1    | Killed Harold
 16083 | Orc:2    | Found Maerph's General Store.
 16084 | Orc:2    | Found Buegu's Distillery.
 16139 | Orc:2    | Bought a scroll of brand weapon for 133 gold pieces
 16139 | Orc:2    | Bought a potion of heal wounds for 70 gold pieces
 16139 | Orc:2    | Bought a scroll of teleportation for 42 gold pieces
 16141 | Orc:2    | Bought a potion of berserk rage for 75 gold pieces
 16141 | Orc:2    | Bought a potion of heal wounds for 75 gold pieces
 16141 | Orc:2    | Bought a potion of might for 60 gold pieces
 16224 | Orc:2    | Reached skill level 15 in Fighting
 16272 | Orc:2    | Reached skill level 10 in Invocations
 16298 | Orc:2    | Paralysed by an orc sorcerer for 2 turns
 16302 | Orc:2    | Reached XP level 15. HP: 90/92 MP: 22/22
 16303 | Orc:2    | Found Qanut's Book Boutique.
 16303 | Orc:2    | Found Vafe's Antique Armour Shop.
 16303 | Orc:2    | Found a one-way gate leading to the halls of Pandemonium.
 16550 | Orc:2    | Bought the amulet of the Four Winds {rN+ Will+++ Clar} for
                  | 849 gold pieces
 16550 | Orc:2    | Found the amulet of the Four Winds {rN+ Will+++ Clar}
 17436 | D:12     | Reached skill level 1 in Evocations
 17438 | D:12     | Noticed Josephine
 17444 | D:12     | Killed Josephine
 17617 | D:12     | Noticed Kirke
 17632 | D:12     | Killed Kirke
 17642 | D:12     | Noticed Sonja
 17649 | D:12     | Killed Sonja
 17680 | D:12     | Reached skill level 16 in Fighting
 18824 | D:13     | Found a gate to the Vaults.
 18996 | D:13     | Found Kofacw's Book Emporium.
 19198 | D:13     | Reached ****** piety under Hepliaklqana
 19262 | D:13     | Found a stormy altar of Qazlal.
 19674 | D:14     | Reached skill level 5 in Evocations
 20036 | D:14     | Reached skill level 17 in Fighting
 20103 | D:14     | Found a radiant altar of Vehumet.
 20424 | D:15     | Entered Level 15 of the Dungeon
 20585 | D:15     | Noticed Rupert
 20591 | D:15     | Killed Rupert
 20692 | D:15     | Reached XP level 16. HP: 100/100 MP: 24/24
 21026 | D:15     | Identified the +10 halberd of Conversion {flame, Int+3}
 21642 | D:15     | Found a staircase to the Depths.
 21892 | Shoals:1 | Entered Level 1 of the Shoals
 22159 | Shoals:1 | Reached skill level 18 in Fighting
 22647 | Shoals:1 | Identified the +9 long sword "Giantslayer" {heavy, rCorr}
 23017 | Shoals:2 | Identified the serpent talisman of Rotini {rC++ Int-4
                  | Dex+6}
 23017 | Shoals:2 | Noticed Aizul
 23041 | Shoals:3 | Identified the of Elluamn
 23764 | Shoals:2 | Killed Aizul
 24223 | Shoals:2 | Found a large runed translucent door.
 24223 | Shoals:2 | Found a large runed translucent door.
 24224 | Shoals:2 | Noticed Taczaky's ghost (journeyman MiFi)
 25548 | Shoals:3 | Noticed a tentacled monstrosity
 25553 | Shoals:3 | Killed a tentacled monstrosity
 25554 | Shoals:3 | Reached skill level 19 in Fighting
 25563 | Shoals:3 | Identified the ring of Sloth {rPois rC+ EV+5}
 25584 | Shoals:3 | Noticed a kraken
 25599 | Shoals:3 | HP: 3/104 [kraken (17)]
 25619 | Shoals:3 | Noticed Ilsuiw
 25626 | Shoals:3 | Slain by a merfolk

Illustrated notes

Levels and vault maps discovered:
D:1:      orjb1_clovarrival, layout_basic
D:2:      layout_loops_cross
D:3:      layout_basic, grunt_ministairs_15
D:4:      layout_basic
D:5:      layout_loops_ring, minmay_temple_entry_poolview,
          dreamdust_princess_corridor, uniq_crazy_yiuf_cottage
D:6:      layout_loops_ring, serial_shops, shop_statue, grunt_decor_cap,
          uniq_eustachio, uniq_jeremiah
D:7:      nicolae_cairo_tiling, layout_loops_corners,
          nicolae_overflow_hidden_temple
D:8:      layout_basic, chequers_temple_overflow_minitemple, uniq_psyche
D:9:      layout_rooms, nicolae_overflow_crystal_walls, uniq_gastronok
D:10:     layout_roguey, mainiacjoe_overflow_alcove_1, lair_entry_dummy,
          minmay_orc_entry_temple_small, ebering_ghost_inner_flame,
          minmay_librarian
D:11:     layout_roguey
D:12:     layout_irregular_city, minmay_three_doors, uniq_josephine, uniq_sonja,
          uniq_kirke
D:13:     layout_irregular_city, david_vaults_2, serial_shops, shop,
          nicolae_qazlal_eye_of_the_storm
D:14:     layout_roguey, dreamdust_mushroom_princess, vehumet_altar_wand_db
D:15:     grunt_enter_depths_magical_seal, layout_loops_ring,
          nicolae_concentric_dashed_squares_mild, item_on_display_b, uniq_rupert
Temple:   eino_narrow_crystal_temple
Lair:1:   layout_regular_city, kennysheep_abandoned_house
Lair:2:   layout_loops_ring, minmay_shoals_entry_centaurs, serial_forest,
          infiniplex_forest_clump_C, infiniplex_forest_split,
          infiniplex_forest_lined_3_way, infiniplex_forest_pool,
          infiniplex_forest_straight_2, infiniplex_forest_clump_small,
          ebering_ghost_disaster_area
Lair:3:   layout_loops_ring, hellmonk_spider_entry_life_and_decay, special_room
          [special_room_mythical_zoo], gammafunk_ghost_arena,
          chequers_serial_rivers_small_b
Lair:4:   layout_big_grid, bh_autumn_forest_stairs, gammafunk_lair_bear_cave
Lair:5:   cheibrodos_lair_end_hotspot, layout_regular_city, slime_entry_1,
          kennysheep_basilisk_garden
Shoals:1: layout_shoals, overgrown_statue
Shoals:2: layout_shoals, ebering_ghost_disaster_area,
          nicolae_shoals_hunting_party, uniq_aizul
Shoals:3: dreamdust_from_the_deep, layout_shoals, uniq_ilsuiw
Orc:1:    layout_caves, uniq_nergalle, uniq_harold
Orc:2:    pf_orc_diabolical, layout_caves

Skill      XL: |  1  2  3  4  5  6  7  8  9 10 11 12 13 14 15 16 |
---------------+-------------------------------------------------+-----
Maces & Flails | 3 4 5 7 9 10 12 13 14 | 14.0
Shields        | 4 5 6 7 8 9 11 12 | 12.0
Fighting       | 4 5 6 7 8 9 11 13 15 17 19 | 19.0
Armour         | 4 5 6 7 8 10 11 12 | 12.0
Invocations    | 5 10 11 | 11.0
Evocations     | 6 9 |  9.8

Action                     |  1- 3 |  4- 6 |  7- 9 | 10-12 | 13-15 | 16-18 || total
---------------------------+-------+-------+-------+-------+-------+-------++-------
  Melee: Flail             |   111 |   164 |   292 |   438 |   849 |   238 ||  2092
 Invoke: Ancestor Identity |       |       |     1 |       |       |       ||     1
         Recall Ancestor   |       |       |     2 |     5 |     2 |       ||     9
         Ancestor Life: Ba |       |       |     1 |       |       |       ||     1
         Idealise          |       |       |       |       |     2 |     1 ||     3
  Evoke: Wand              |       |       |     1 |     3 |       |     2 ||     6
    Use: Potion            |       |     1 |     1 |     3 |     6 |     7 ||    18
         Scroll            |       |     8 |     9 |     8 |    10 |     5 ||    40
   Stab: Distracted        |       |       |     1 |     2 |    15 |     4 ||    22
         Sleeping          |       |       |     1 |       |       |       ||     1
 Armour: Scale mail        |    81 |   142 |   120 |       |       |       ||   343
         Plate armour      |       |       |   134 |   355 |   537 |   280 ||  1306
  Dodge: Dodged            |    62 |    98 |    91 |   143 |   164 |    74 ||   632
  Block: Buckler           |    14 |    37 |    52 |   116 |     3 |       ||   222
         Kite shield       |       |       |       |       |   331 |   123 ||   454

Table legend: (Time is in decaauts)
 A = Elapsed time spent in this place.
 B = Non-inter-level travel time spent in this place.
 C = Inter-level travel time spent in this place.
 D = Time resting spent in this place.
 E = Time spent auto-exploring this place.
 F = Levels seen in this place.
 G = Mean time per level.
                   A        B        C        D        E       F      G
               +--------+--------+--------+--------+--------+-----+--------+
         Total |  25402 |  23942 |   1460 |   4994 |  13944 |  26 |  977.0 |
       Dungeon |  14822 |  14003 |    819 |   2915 |   8511 |  15 |  988.1 |
        Temple |     31 |      3 |     28 |      0 |      1 |   1 |   31.0 |
          Lair |   5420 |   5047 |    373 |    456 |   3298 |   5 | 1084.0 |
        Shoals |   3690 |   3660 |     30 |   1559 |   1460 |   3 | 1230.0 |
  Orcish Mines |   1438 |   1229 |    209 |     63 |    673 |   2 |  719.0 |
               +--------+--------+--------+--------+--------+-----+--------+

Top non-repeatable levels by time:
     D:7: 1796 daAuts
Shoals:3: 1559 daAuts
  Lair:5: 1538 daAuts
    D:15: 1319 daAuts
     D:4: 1297 daAuts
Shoals:2: 1283 daAuts
     D:6: 1282 daAuts
    D:12: 1268 daAuts
    D:10: 1171 daAuts
  Lair:2: 1156 daAuts
     D:5: 1089 daAuts
  Lair:1: 1037 daAuts
    D:14: 986 daAuts
  Lair:3: 972 daAuts
   Orc:2: 900 daAuts
